 Dungeon Crawl Stone Soup version 0.28.0-45-g0d030f2227 (webtiles) character file.

Game seed: 6696627130340291178

27738 Bamboolord the Basher (level 13, -1/127 HPs)
             Began as a Troll Warper on Apr 6, 2022.
             Was the Champion of Zin.
             Slain by a six-headed hydra (10 damage)
             ... on level 2 of the Lair of Beasts on Apr 7, 2022.
             The game lasted 00:43:31 (13964 turns).

Bamboolord the Basher (Troll Warper)               Turns: 13964, Time: 00:43:32

Health: -1/127     AC: 13    Str: 22    XL:     13   Next: 6%
Magic:  28/28      EV: 13    Int: 13    God:    Zin [******]
Gold:   787        SH:  0    Dex: 15    Spells: 4/21 levels left

rFire   . . .      SeeInvis .   G - +9 morningstar (vorpal)
rCold   . . .      Faith    .   M - orb {light}
rNeg    . . .      Spirit   .   Q - +1 steam dragon scales
rPois   .          Reflect  .   x - +2 hat
rElec   .          Harm     .   e - +2 cloak
rCorr   .          Rampage  .   (gloves unavailable)
Will    .....                   (boots unavailable)
Stlth   +.........              (no amulet)
HPRegen 1.11/turn               b - +6 ring of dexterity
MPRegen 0.21/turn               c - ring of magical power

@: about to teleport, glowing, studying Ice Magic, very slow
A: large, unfitting armour, claws 3, regeneration 1, shaggy fur 1, tough skin 1
a: Renounce Religion, Recite, Vitalisation, Imprison, Sanctuary, Donate Gold


You were on level 2 of the Lair of Beasts.
You worshipped Zin.
Zin was exalted by your worship.
You visited 3 branches of the dungeon, and saw 15 of its levels.
You also visited: Ossuary and Ice Cave.

You collected 874 gold pieces.
You donated 87 gold pieces to Zin.

Inventory:

Hand Weapons
 a - a +0 mace
 D - a +0 giant spiked club
 G - a +9 vorpal morningstar (weapon)
Missiles
 d - 4 boomerangs of dispersal
 f - 31 poisoned darts
 u - 9 boomerangs
 C - 8 large rocks (quivered)
Armour
 e - a +2 cloak (worn)
 x - a +2 hat (worn)
 L - quicksilver dragon scales
 M - an orb of light (worn)
 Q - +1 steam dragon scales (worn)
 S - a +2 robe of cold resistance
 W - a +1 tower shield of cold resistance
Jewellery
 b - a +6 ring of dexterity (left claw)
 c - a ring of magical power (right claw)
 h - a ring of ice
 B - an amulet of faith
 R - a ring of ice
Wands
 m - a wand of iceblast (14)
 r - a wand of charming (9)
 t - a wand of digging (6)
 P - a wand of flame (7)
 T - a wand of mindburst (5)
Scrolls
 g - a scroll of amnesia
 i - 3 scrolls of torment
 q - a scroll of summoning
 s - a scroll of magic mapping
 v - a scroll of teleportation
 y - 3 scrolls of fog
 I - a scroll of noise
 N - a scroll of holy word
 O - a scroll of acquirement
Potions
 k - a potion of invisibility
 n - 3 potions of haste
 o - 7 potions of brilliance
 p - 3 potions of attraction
 w - a potion of resistance {unknown}
 z - a potion of berserk rage {unknown}
 A - 7 potions of might
 E - 2 potions of flight {unknown}
 F - 8 potions of curing
 H - a potion of magic {unknown}
 J - 3 potions of mutation {unknown}
 K - 2 potions of degeneration {unknown}
 U - a potion of cancellation {unknown}


   Skills:
 * Level 8.0 Fighting
 * Level 13.2 Maces & Flails
 - Level 0.8 Throwing
 * Level 7.3 Dodging
 * Level 4.8 Spellcasting
 * Level 5.9 Translocations
 * Level 5.5 Invocations


You had 4 spell levels left.
You knew the following spells:

 Your Spells              Type           Power      Damage    Failure   Level
a - Blink                 Tloc           36%        N/A       2%          2
b - Gell's Gravitas       Tloc           18%        N/A       4%          3
c - Lesser Beckoning      Tloc           18%        N/A       4%          3
d - Teleport Other        Tloc           18%        N/A       4%          3
e - Apportation           Tloc           36%        N/A       1%          1
f - Manifold Assault      Tloc           18%        N/A       41%         5

Your spell library contained the following spells:

 Spells                   Type           Power      Damage    Failure   Level
 Magic Dart               Conj           12%        1d3       19%         1
 Sandblast                Erth           6%         2d5       19%         1
 Shock                    Conj/Air       12%        1d3       19%         1
 Passwall                 Tmut/Erth      2%         N/A       28%         2
 Searing Ray              Conj           6%         2d4       28%         2
 Sublimation of Blood     Necr           3%         N/A       28%         2
 Wereblood                Tmut           3%         N/A       28%         2
 Dazzling Flash           Conj/Hex       6%         N/A       50%         3
 Stone Arrow              Conj/Erth      6%         3d7       50%         3
 Swiftness                Air            3%         N/A       50%         3
 Iskenderun's Mystic Bla  Conj/Tloc      10%        2d4       50%         4
 Airstrike                Air            1%         N/A       88%         4
 Fulminant Prism          Conj/Hex       1%         3d6       88%         4
 Alistair's Intoxication  Tmut/Pois      2%         N/A       99%         5
 Starburst                Conj/Fire      1%         6d3       100%        6
 Summon Hydra             Summ           1%         N/A       100%        7


Dungeon Overview and Level Annotations

Branches:
Dungeon (12/15)            Temple (1/1) D:4            Lair (2/6) D:9
  Snake (0/4) Lair:2          Orc (0/2) D:12        Ossuary (visited)
  IceCv (visited)
  Swamp: Lair:2-4    Shoals: Lair:2-4

Altars:
Ashenzari
Cheibriados
Dithmenos
Elyvilon
Fedhas
Gozag
Hepliaklqana
Kikubaaqudgha
Makhleb
Nemelex Xobeh
Okawaru
Qazlal
Ru
Sif Muna
Trog
Uskayaw
Vehumet
Wu Jian
Xom
Yredelemnul
Zin
The Shining One
Beogh

Shops:
D:4 !   D:7 (

Annotations:
D:3 2 transporters, dandone's ghost, amateur MiFi
D:11 1 runed translucent door


Innate Abilities, Weirdness & Mutations

You are too large for most types of armour.
You have claws for hands.
Your natural rate of healing is unusually fast.
You are covered in fur. (AC +1)
You have tough skin. (AC +1)


Message History

The six-headed hydra misses you.
The six-headed hydra closely misses you.
You bludgeon the seven-headed hydra!!
The seven-headed hydra is heavily wounded.
The six-headed hydra bites you but does no damage.
The six-headed hydra completely misses you.
The six-headed hydra bites you. x2; The six-headed hydra bites you!
The six-headed hydra bites you. The seven-headed hydra bites you!
The seven-headed hydra bites you but does no damage. x2
The seven-headed hydra barely misses you.
The seven-headed hydra completely misses you.
The seven-headed hydra bites you!
The seven-headed hydra barely misses you.
As you read the scroll of teleportation, it crumbles to dust.
You feel strangely unstable. The six-headed hydra misses you.
The six-headed hydra barely misses you. The six-headed hydra bites you.
The six-headed hydra closely misses you.
The six-headed hydra bites you but does no damage. x2
The seven-headed hydra bites you! x2; The seven-headed hydra bites you.
The seven-headed hydra bites you but does no damage.
The seven-headed hydra completely misses you.
The seven-headed hydra bites you.
* * * LOW HITPOINT WARNING * * *
The seven-headed hydra closely misses you.
Unknown command.
The seven-headed hydra misses you.
The seven-headed hydra barely misses you.
The seven-headed hydra bites you but does no damage.
The seven-headed hydra closely misses you.
The seven-headed hydra bites you.
* * * LOW HITPOINT WARNING * * *
The seven-headed hydra bites you!
* * * LOW HITPOINT WARNING * * *
The seven-headed hydra bites you.
* * * LOW HITPOINT WARNING * * *
The six-headed hydra closely misses you.
The six-headed hydra bites you!
* * * LOW HITPOINT WARNING * * *
The six-headed hydra bites you!
You die...

### ######
#####.########.#.#.
#.......##.........
♣♣♣♣♣♣♣..♣♣...##........
♣≈≈≈≈≈≈..!♣♣............
♣≈≈≈≈≈≈@≈♣♣##..#.#..###P
♣≈≈≈≈≈DD♣♣ ##...#..# ##
♣♣≈≈≈≈§..♣ #......## #
♣♣♣♣l§.♣♣ ##...#..## #
§§§§♣♣ #.##....# # §§♣♣♣
♣#.###.#.# ♣§§
#..###.### ♣§. ##...#.#
♣. ♣P..##.###


You could see a seven-headed hydra, a six-headed hydra and a komodo dragon.

Vanquished Creatures
  A reaper (IceCv)
  Harold (Lair:2)
  Erolcha (D:9)
  A centaur warrior (D:12)
  2 two-headed ogres
  Nergalle (D:10)
  2 skeletal warriors (D:11)
  2 ugly things (D:12)
  A cyclops (D:9)
  A black mamba (Lair:2)
  2 ice statues (IceCv)
  2 gargoyles
  3 cane toads
  Maggie (D:10)
  6 komodo dragons
  4 rime drakes
  Psyche (D:10)
  A freezing wraith (IceCv)
  An entropy weaver simulacrum (IceCv)
  2 trolls
  6 ice devils (IceCv)
  A hornet (Lair:2)
  Grinder (D:2)
  3 blink frogs (Lair:2)
  2 shadows
  3 wyverns
  Sigmund (D:2)
  A wraith (D:12)
  26 yaks
  A steam dragon (D:8)
  A redback (shapeshifter) (D:12)
  2 harpy simulacra (IceCv)
  An acid dragon (D:9)
  4 water moccasins
  An ice beast (D:7)
  5 orc warriors (D:10)
  4 sky beasts
  4 black bears
  7 centaurs
  An ogre (D:5)
  A phantom (D:7)
  3 kobold brigands
  5 bullfrogs
  A wyvern zombie (D:8)
  A gnoll sergeant (D:12)
  A two-headed ogre simulacrum (IceCv)
  9 scorpions
  2 cane toad simulacra (IceCv)
  2 water moccasin zombies (Ossuary)
  2 wyvern skeletons
  A water moccasin skeleton (D:7)
  4 troll zombies (D:12)
  9 killer bees
  14 wights
  8 electric eels
  4 howler monkeys
  3 centaur zombies
  A bullfrog zombie (D:6)
  3 hounds
  2 orc priests
  3 centaur skeletons
  A bullfrog skeleton (D:7)
  5 iguanas
  4 orc wizards
  A spriggan simulacrum (IceCv)
  A polar bear simulacrum (IceCv)
  A troll simulacrum (IceCv)
  2 wolf simulacra (IceCv)
  2 ogre zombies (D:12)
  A hound zombie (D:5)
  2 mummies (Ossuary)
  A howler monkey zombie (D:9)
  Robin (D:2)
  9 gnolls
  3 naga simulacra (IceCv)
  11 adders
  4 white imps
  4 ufetubi
  4 adder zombies (Ossuary)
  An adder skeleton (D:5)
  3 worms
  2 dart slugs
  39 orcs
  6 bats
  8 endoplasms
  6 giant cockroaches
  10 goblins
  16 hobgoblins
  9 jackals
  11 kobolds
  3 quokkas
  6 ball pythons
  A frilled lizard (D:1)
  5 gnoll zombies (Ossuary)
  9 hobgoblin zombies
  3 kobold zombies (Ossuary)
  An orc skeleton (D:12)
  12 orc zombies
  9 rats
  3 butterflies (D:11)
410 creatures vanquished.

Vanquished Creatures (others)
  An electric eel (D:10)
  A fungus (Lair:1)
2 creatures vanquished.

Grand Total: 412 creatures vanquished

Notes
Turn   | Place    | Note
-------+----------+-------------------------------------------
     0 | D:1      | Bamboolord the Troll Warper began the quest for the Orb.
     0 | D:1      | Reached XP level 1. HP: 19/19 MP: 1/1
   260 | D:1      | Reached XP level 2. HP: 23/28 MP: 2/2
   263 | D:1      | Learned a level 2 spell: Blink
   522 | D:1      | Reached skill level 2 in Maces & Flails
  1085 | D:2      | Reached XP level 3. HP: 29/35 MP: 4/4
  1233 | D:2      | Noticed Robin
  1261 | D:2      | Reached XP level 4. HP: 41/42 MP: 5/5
  1269 | D:2      | Killed Robin
  1405 | D:2      | Noticed Sigmund
  1509 | D:2      | Killed Sigmund
  1510 | D:2      | Reached skill level 3 in Maces & Flails
  1510 | D:2      | Reached XP level 5. HP: 17/49 MP: 3/6
  1596 | D:2      | Found a faded altar of an unknown god.
  1925 | D:2      | Learned a level 3 spell: Gell's Gravitas
  2047 | D:2      | Reached XP level 6. HP: 39/59 MP: 7/7
  2393 | D:3      | Learned a level 3 spell: Lesser Beckoning
  2469 | D:3      | Noticed Grinder
  2556 | D:3      | Paralysed by Grinder for 3 turns
  2562 | D:2      | Paralysed by Grinder for 5 turns
  2579 | D:2      | Paralysed by Grinder for 3 turns
  2588 | D:2      | Paralysed by Grinder for 6 turns
  2598 | D:2      | Killed Grinder
  2599 | D:2      | Reached skill level 4 in Maces & Flails
  2599 | D:2      | Reached XP level 7. HP: 36/66 MP: 8/8
  2761 | D:3      | Found a transporter.
  2765 | D:3      | Noticed dandone's ghost (amateur MiFi)
  2817 | D:3      | Found a transporter.
  2924 | D:3      | Found a hazy altar of Hepliaklqana.
  2991 | D:3      | Found a sacrificial altar of Ru.
  3052 | D:4      | Found Emeptot's Distillery.
  3052 | D:4      | Found a staircase to the Ecumenical Temple.
  3070 | Temple   | Entered the Ecumenical Temple
  3115 | Temple   | Became a worshipper of Zin the Law-Giver
  3206 | D:4      | Noticed a yak
  3207 | D:4      | Noticed a yak
  3208 | D:4      | Noticed a yak
  3257 | D:3      | Killed a yak
  3387 | Temple   | Killed a yak
  3388 | Temple   | Reached skill level 5 in Maces & Flails
  3497 | D:3      | Killed a yak
  3498 | D:3      | Reached XP level 8. HP: 32/75 MP: 10/10
  3753 | D:4      | Found a large runed translucent door.
  3754 | D:4      | Found a large runed translucent door.
  4475 | D:4      | Found a broken altar of Ashenzari.
  4482 | D:4      | Found a shadowy altar of Dithmenos.
  4525 | D:5      | Entered Level 5 of the Dungeon
  4593 | D:5      | Reached * piety under Zin
  4942 | D:5      | Found a white marble altar of Elyvilon.
  4956 | D:5      | Reached skill level 6 in Maces & Flails
  5369 | D:6      | Reached skill level 1 in Invocations
  5460 | D:5      | Reached XP level 9. HP: 54/72 MP: 12/12
  5481 | D:5      | Learned a level 3 spell: Teleport Other
  5558 | D:6      | Reached skill level 5 in Dodging
  5604 | D:6      | Reached ** piety under Zin
  5651 | D:6      | Reached skill level 7 in Maces & Flails
  5687 | D:6      | Found a bloodstained altar of Trog.
  5704 | D:6      | Identified the +3 ring mail of the Hall of Blades {rElec
                  | Str+2 SInv}
  5987 | D:6      | Reached *** piety under Zin
  6182 | D:7      | Found a snail-covered altar of Cheibriados.
  6283 | D:7      | Found a sand-covered staircase.
  6320 | Ossuary  | Entered an ossuary
  6416 | Ossuary  | Reached **** piety under Zin
  6504 | D:7      | Reached skill level 8 in Maces & Flails
  6611 | D:7      | Found a glowing golden altar of the Shining One.
  6766 | D:7      | Found Noatag's Antique Weapon Shop.
  6931 | D:8      | Noticed a gargoyle
  6944 | D:8      | Killed a gargoyle
  6945 | D:8      | Reached skill level 5 in Fighting
  7148 | D:8      | Reached XP level 10. HP: 81/96 MP: 13/13
  7209 | D:8      | Noticed an eight-headed hydra
  7218 | D:8      | Noticed a five-headed hydra
  7218 | D:8      | Noticed a centaur warrior
  7301 | D:8      | Noticed a boulder beetle
  7365 | D:8      | Noticed a manticore
  7422 | D:8      | Reached skill level 9 in Maces & Flails
  7506 | D:8      | Reached ***** piety under Zin
  7868 | D:9      | Noticed a cyclops
  7891 | D:9      | Killed a cyclops
  8050 | D:9      | Noticed Erolcha
  8063 | D:9      | Killed Erolcha
  8135 | D:9      | You fall into a shaft and drop 2 floors!
  8148 | D:10     | Entered Level 10 of the Dungeon
  8162 | D:10     | Found a stormy altar of Qazlal.
  8165 | D:10     | Found a hide-covered altar of Uskayaw.
  8228 | D:10     | Reached skill level 10 in Maces & Flails
  8336 | D:10     | Noticed Maggie
  8351 | D:10     | Killed Maggie
  8602 | D:9      | Noticed a two-headed ogre
  8621 | D:9      | Killed a two-headed ogre
  8622 | D:9      | Reached XP level 11. HP: 63/105 MP: 15/15
  8681 | D:9      | Found a staircase to the Lair.
  8917 | D:10     | Noticed Psyche
  8924 | D:10     | Paralysed by Psyche for 3 turns
  8932 | D:10     | Killed Psyche
  9223 | D:10     | Found an iron altar of Okawaru.
  9679 | D:10     | Noticed Nergalle
  9695 | D:10     | Killed Nergalle
  9696 | D:10     | Reached skill level 11 in Maces & Flails
  9791 | D:11     | Noticed a skeletal warrior
  9837 | D:11     | Noticed a skeletal warrior
  9881 | D:11     | Noticed a skeletal warrior
 10224 | D:11     | Reached skill level 5 in Translocations
 10381 | D:11     | Reached ****** piety under Zin
 10495 | D:12     | Noticed a centaur warrior
 10514 | D:12     | Killed a centaur warrior
 10567 | D:12     | Found a frozen archway.
 10584 | IceCv    | Entered an ice cave
 10932 | IceCv    | Reached XP level 12. HP: 110/115 MP: 17/17
 11096 | IceCv    | Reached skill level 12 in Maces & Flails
 11179 | IceCv    | Noticed a reaper
 11216 | IceCv    | Killed a reaper
 11373 | D:12     | Identified a scroll of acquirement
 11557 | D:12     | Noticed a two-headed ogre
 11604 | D:12     | HP: 5/118 [two-headed ogre/+0 giant club (25)]
 11650 | D:12     | Killed a two-headed ogre
 11822 | D:12     | Noticed an eight-headed hydra
 11974 | D:11     | Reached skill level 5 in Invocations
 11979 | D:11     | Found a runed translucent door.
 11986 | D:11     | Found a runed translucent door.
 12574 | Lair:1   | Entered Level 1 of the Lair of Beasts
 12577 | Lair:1   | Learned a level 1 spell: Apportation
 12588 | Lair:1   | Learned a level 5 spell: Manifold Assault
 12738 | Lair:1   | HP: 4/118 [komodo dragon (24)]
 13210 | Lair:1   | Reached skill level 13 in Maces & Flails
 13532 | Lair:2   | Found a staircase to the Snake Pit.
 13708 | Lair:2   | Noticed Harold
 13726 | Lair:2   | Killed Harold
 13727 | Lair:2   | Reached XP level 13. HP: 10/127 MP: 19/19
 13964 | Lair:2   | Slain by a six-headed hydra

Illustrated notes

Levels and vault maps discovered:
D:1:      co_arrival_random_square_maze, layout_basic, minmay_misc_feat_x
D:2:      minmay_chambers_of_twos, layout_basic,
          chequers_ecumenical_altar_grove, uniq_robin, uniq_sigmund
D:3:      layout_rooms, nicolae_ru_the_path_less_chosen, lemuel_doored_altar,
          gammafunk_ghost_mausoleum, uniq_grinder
D:4:      layout_cave_pools, jmf_multi_god_temple2,
          minmay_temple_entry_crystal_x, serial_shops,
          nicolae_shop_window_shopping
D:5:      layout_loops_ring, mainiacjoe_overflow_six_doors_small
D:6:      layout_gridville, nicolae_overflow_crystal_walls,
          kennysheep_generic_room_9
D:7:      layout_basic, nicolae_tso_swordbearing_angel, lemuel_round_altar,
          serial_shops, kennysheep_little_box,
          nicolae_ossuary_entry_false_entrances
D:8:      layout_loops_corners, minivault_12
D:9:      layout_rooms, erik_lair_dragon, uniq_erolcha
D:10:     layout_roguey [special_room_orc], mainiacjoe_overflow_catch_the_wave,
          mainiacjoe_overflow_paths, uniq_maggie, uniq_psyche, uniq_nergalle
D:11:     lemuel_insect_pit, layout_basic
D:12:     layout_loops_ring, zombieorc2_lemuel, portal_ice_cave_rime,
          ebering_ghost_reflecting_pool, serial_rivers,
          chequers_serial_rivers_large_a, chequers_serial_rivers_small_a,
          chequers_serial_rivers_micro_b, chequers_serial_rivers_micro_e,
          chequers_serial_rivers_micro_d, uniq_sonja
Temple:   minmay_freezing_vapour_temple
Lair:1:   layout_regular_city
Lair:2:   layout_loops_ring, palyth_hydra_swamp_entry, dummy_snake_entry,
          grunt_megastairs_5, lemuel_fruit_fields, uniq_harold

Skill      XL: |  1  2  3  4  5  6  7  8  9 10 11 12 13 |
---------------+----------------------------------------+-----
Dodging        | 2 3 4 5 6 7 |  7.3
Maces & Flails | 2 3 4 5 6 8 10 11 13 | 13.2
Fighting       | 2 3 4 5 6 7 8 |  8.0
Translocations | 3 4 5 |  5.9
Spellcasting   | 2 3 4 |  4.8
Invocations    | 1 2 3 4 5 |  5.5
Throwing       | |  0.8

Action                   |  1- 3 |  4- 6 |  7- 9 | 10-12 | 13-15 || total
-------------------------+-------+-------+-------+-------+-------++-------
Melee: Mace              |   116 |   166 |   290 |       |       ||   572
       Punch             |     1 |     1 |     6 |       |       ||     8
       Giant spiked club |       |       |   108 |       |       ||   108
       Morningstar       |       |       |   129 |   722 |    12 ||   863
Throw: Dart              |       |     3 |     2 |       |       ||     5
       Large rock        |       |       |     1 |    14 |       ||    15
       Boomerang         |       |       |       |     1 |       ||     1
 Cast: Blink             |       |     2 |       |     5 |       ||     7
       Gell's Gravitas   |       |     2 |       |    19 |       ||    21
       Teleport Other    |       |       |       |     7 |       ||     7
Invok: Recite            |       |       |       |     2 |       ||     2
Evoke: Wand              |       |     4 |     2 |       |       ||     6
  Use: Potion            |       |     2 |       |     6 |       ||     8
       Scroll            |       |     2 |    15 |    15 |     1 ||    33
 Stab: Sleeping          |       |     1 |       |       |       ||     1
       Distracted        |       |       |     1 |       |       ||     1
       Confused          |       |       |       |     3 |       ||     3
Armor: Robe              |    56 |     6 |       |    42 |       ||   104
       Animal skin       |       |   121 |   279 |    53 |       ||   453
       Skin              |       |     4 |       |       |       ||     4
       Steam dragon scal |       |       |       |   205 |    12 ||   217
Dodge: Dodged            |    79 |   172 |   332 |   478 |    20 ||  1081
